 Dungeon Crawl Stone Soup version 0.28.0-43-g3370ac3207 (webtiles) character file.

Game seed: 2707479978519770423

3357 DasRunzen the Ducker (level 10, -8/72 HPs)
             Began as a Djinni Fire Elementalist on Mar 7, 2022.
             Was a Follower of Qazlal.
             Mangled by a catoblepas (15 damage)
             ... on level 8 of the Dungeon.
             The game lasted 00:16:00 (10463 turns).

DasRunzen the Ducker (Djinni Fire Elementalist)    Turns: 10463, Time: 00:16:01

Health: -8/72      AC:  7    Str:  7    XL:     10   Next: 23%
Gold:   377        EV: 15    Int: 22    God:    Qazlal [*.....] SH:  2 Dex: 13

rFire   + + +      SeeInvis .   p - +5 spear
rCold   + + .      Faith    .   (no shield)
rNeg    . . .      Spirit   .   b - +0 steam dragon scales
rPois   ∞          Reflect  .   u - +0 helmet
rElec   .          Harm     .   A - scarf {rC+ rF+}
rCorr   .          Rampage  .   (no gloves)
Will    +....                   (boots unavailable)
Stlth   ++........              (no amulet)
HPRegen 0.22/turn               k - ring of protection from cold
MPRegen 0.00/turn               e - ring of protection from cold

@: flying, very slightly contaminated
A: sickness immunity, fire resistance 2, cold vulnerability 1, float, innate
caster, HP casting, extra vitality 1
a: Renounce Religion


You were on level 8 of the Dungeon.
You worshipped Qazlal.
Qazlal was aware of your devotion.
You visited 2 branches of the dungeon, and saw 9 of its levels.

You collected 377 gold pieces.

Inventory:

Hand Weapons
 p - a +5 spear (weapon)
Missiles
 o - 3 throwing nets
Armour
 b - +0 steam dragon scales (worn)
 u - a +0 helmet (worn)
 A - a scarf of resistance (worn)
Jewellery
 e - a ring of protection from cold (right hand)
 j - a +6 ring of strength
 k - a ring of protection from cold (left hand)
 r - a ring of positive energy
 t - a ring of ice
 v - a +6 ring of strength
 y - a +4 ring of evasion
Wands
 s - a wand of polymorph (9)
Scrolls
 c - 4 scrolls of teleportation
 g - 2 scrolls of noise {unknown}
 h - 2 scrolls of magic mapping {unknown}
 i - 4 scrolls of vulnerability {unknown}
 l - a scroll of fear {unknown}
 w - a scroll of amnesia {unknown}
Potions
 a - a potion of resistance {unknown}
 d - 6 potions of haste
 f - 3 potions of mutation
 m - 2 potions of curing
 n - a potion of cancellation
 x - a potion of ambrosia


   Skills:
 + Level 6.1 Fighting
 + Level 6.2 Armour
 + Level 7.3 Dodging
 - Level 1.5 Stealth
 + Level 5.4 Spellcasting
 + Level 5.2 Invocations


You couldn't memorise any spells.
You knew the following spells:

 Your Spells              Type           Power      Damage    Failure   Level
a - Foxfire               Conj/Fire      100%       2x1d9     1%          1
b - Scorch                Fire           60%        2d8       1%          2
c - Conjure Flame         Conj/Fire      30%        6-21      3%          3
d - Inner Flame           Hex/Fire       30%        N/A       3%          3
e - Flame Wave            Conj/Fire      30%        2d8       10%         4
f - Sting                 Tmut/Pois      100%       1d8       1%          1
g - Blink                 Tloc           60%        N/A       1%          2
h - Swiftness             Air            30%        N/A       3%          3
i - Teleport Other        Tloc           30%        N/A       3%          3
Your spell library was empty.

Dungeon Overview and Level Annotations

Branches:
Dungeon (8/15)             Temple (1/1) D:4
   Lair: D:8-11

Altars:
Ashenzari
Cheibriados
Dithmenos
Elyvilon
Gozag
Hepliaklqana
Kikubaaqudgha
Makhleb
Nemelex Xobeh
Okawaru
Qazlal
Ru
Sif Muna
Trog
Uskayaw
Vehumet
Wu Jian
Xom
Yredelemnul
Zin
The Shining One

Shops:
D:1 (

Annotations:
D:5 exclusion: statue


Innate Abilities, Weirdness & Mutations

You are immune to sickness and miasma.
You are immune to poison.
Your flesh is very heat resistant. (rF++)
You are vulnerable to cold. (rC-)
You float through the air rather than walking.
You learn spells naturally, not from books.
Your magical power is your life essence.
You have superior vitality. (+4 MHP)


Message History

Casting: Scorch (safe; 1% risk of failure)
Confirm with . or Enter, or press ? or * to list all spells.
Flames lash the catoblepas but do no damage.
The catoblepas closely misses you.
Casting: Scorch (safe; 1% risk of failure)
Confirm with . or Enter, or press ? or * to list all spells.
Flames lash the catoblepas.
The catoblepas is heavily wounded.
The catoblepas gores you but does no damage.
Casting: Scorch (safe; 1% risk of failure)
Confirm with . or Enter, or press ? or * to list all spells.
You don't know that spell.
Casting: Scorch (safe; 1% risk of failure)
Confirm with . or Enter, or press ? or * to list all spells.
Flames lash the catoblepas.
The catoblepas is burned terribly!
The catoblepas is severely wounded.
The catoblepas gores you!!
* * * LOW HITPOINT WARNING * * *
Unknown command.
Casting: Scorch (safe; 1% risk of failure)
Confirm with . or Enter, or press ? or * to list all spells.
Flames lash the catoblepas but do no damage.
* * * LOW HITPOINT WARNING * * *
The catoblepas barely misses you.
Unknown command.
Casting: Scorch (safe; 1% risk of failure)
Confirm with . or Enter, or press ? or * to list all spells.
Flames lash the catoblepas but do no damage.
* * * LOW HITPOINT WARNING * * *
The catoblepas breathes a plume of calcifying dust at you.
The blast of calcifying dust hits you but does no damage.
Unknown command.
Casting: Scorch (safe; 1% risk of failure)
Confirm with . or Enter, or press ? or * to list all spells.
You miscast Scorch.
You are very lightly contaminated with residual magic.
Nothing appears to happen.
* * * LOW HITPOINT WARNING * * *
The catoblepas gores you!
You die...

### #####.#
#.....#########
#.###.........#
#.....#######.#
#######.##......#
#....§...<....###
###....§@....#####
.......§Y.>......#
###......#...###.#
#..........###.#
#................#
....
.....##...########
.... #.### #....
..... # #...##
..... ### ##...#


You could see a catoblepas (combustible).

Vanquished Creatures
  A two-headed ogre (D:7)
  An orc warrior (D:7)
  2 water moccasins (D:7)
  An ice beast (D:5)
  3 sky beasts
  A necrophage (D:5)
  2 centaurs
  2 ogres
  A phantom (D:6)
  A bullfrog (D:7)
  2 gnoll sergeants (D:7)
  2 kobold brigands
  Blork the orc (D:5)
  2 scorpions
  4 killer bees
  4 wights (D:8)
  5 hounds
  2 jellies
  2 orc priests (D:8)
  Jessica (D:2)
  3 iguanas
  A scorpion zombie (D:5)
  2 orc wizards
  A killer bee zombie (D:6)
  12 gnolls
  5 adders
  2 shadow imps
  A white imp (D:7)
  An ufetubus (D:5)
  5 adder skeletons
  2 worms
  2 dart slugs
  20 orcs
  7 ball pythons
  7 endoplasms
  2 giant cockroaches
  4 goblins
  5 hobgoblins
  3 jackals (D:5)
  6 kobolds
  6 bats
  3 frilled lizards
  7 rats
147 creatures vanquished.

Vanquished Creatures (collateral kills)
  2 foxfires (D:3)
2 creatures vanquished.

Vanquished Creatures (others)
  972 foxfires
972 creatures vanquished.

Grand Total: 1121 creatures vanquished

Notes
Turn   | Place    | Note
-------+----------+-------------------------------------------
     0 | D:1      | DasRunzen the Djinni Fire Elementalist began the quest for
                  | the Orb.
     0 | D:1      | Reached XP level 1. HP: 15/15 MP: 0/0
   297 | D:1      | Found a faded altar of an unknown god.
   583 | D:1      | Found Huoj's Weapon Emporium.
   593 | D:1      | Reached XP level 2. HP: 19/22 MP: 0/0
  1715 | D:2      | Reached skill level 1 in Fighting
  1763 | D:2      | Reached skill level 1 in Armour
  1763 | D:2      | Reached XP level 3. HP: 21/27 MP: 0/0
  1763 | D:2      | Learned a level 1 spell: Sting
  2358 | D:2      | Noticed Jessica
  2362 | D:2      | Killed Jessica
  2363 | D:2      | Reached skill level 3 in Dodging
  2363 | D:2      | Reached XP level 4. HP: 28/32 MP: 0/0
  2828 | D:3      | Found a sacrificial altar of Ru.
  3655 | D:4      | Reached XP level 5. HP: 34/38 MP: 0/0
  3655 | D:4      | Learned a level 2 spell: Blink
  3882 | D:4      | Noticed a kobold brigand
  3890 | D:4      | Killed a kobold brigand
  3891 | D:4      | Reached XP level 6. HP: 35/45 MP: 0/0
  4479 | D:4      | Reached skill level 4 in Dodging
  4745 | D:4      | Reached XP level 7. HP: 40/50 MP: 0/0
  4745 | D:4      | Learned a level 3 spell: Swiftness
  4807 | D:4      | Found a shimmering altar of Xom.
  4903 | D:4      | Found a staircase to the Ecumenical Temple.
  4909 | Temple   | Entered the Ecumenical Temple
  4935 | Temple   | Became a worshipper of Qazlal Stormbringer
  5181 | D:5      | Entered Level 5 of the Dungeon
  5396 | D:5      | Reached skill level 1 in Invocations
  5738 | D:5      | Noticed Blork the orc
  5754 | D:5      | Killed Blork the orc
  5755 | D:5      | Reached XP level 8. HP: 49/57 MP: 0/0
  5889 | D:5      | Reached skill level 5 in Dodging
  7065 | D:6      | Reached XP level 9. HP: 56/63 MP: 0/0
  7065 | D:6      | Learned a level 3 spell: Teleport Other
  7496 | D:6      | Found a broken altar of Ashenzari.
  7958 | D:7      | Reached skill level 6 in Dodging
  8016 | D:7      | Reached skill level 5 in Fighting
  8016 | D:7      | Reached skill level 5 in Armour
  8405 | D:7      | Noticed a two-headed ogre
  8415 | D:7      | HP: 1/65 [two-headed ogre/+0 giant club (22)]
  8416 | D:7      | Killed a two-headed ogre
  8416 | D:7      | Reached * piety under Qazlal
  8417 | D:7      | Reached skill level 5 in Spellcasting
  9114 | D:7      | Reached XP level 10. HP: 57/72 MP: 0/0
  9282 | D:7      | Reached skill level 7 in Dodging
  9660 | D:7      | Found a shadowy altar of Dithmenos.
  9660 | D:7      | Found a white marble altar of Elyvilon.
  9662 | D:7      | Found a glowing silver altar of Zin.
  9664 | D:7      | Found a hide-covered altar of Uskayaw.
  9910 | D:8      | Noticed a catoblepas
 10029 | D:8      | Reached skill level 5 in Invocations
 10463 | D:8      | Mangled by a catoblepas

Illustrated notes

Levels and vault maps discovered:
D:1:      dpeg_arrival_tiny_i, layout_basic, serial_shops, nicolae_shop_trees,
          chequers_ecumenical_altar_twisty, amcnicky_mini_pool_small,
          minmay_pentomino_t4
D:2:      layout_loops_ring, uniq_jessica
D:3:      layout_loops_cross, nicolae_ru_the_path_less_chosen, item_on_display_a
D:4:      layout_cave_pools, nicolae_overflow_squiral, minmay_temple_entry_fiery
D:5:      layout_cave_pools, vehumet_statue, uniq_blork_the_orc
D:6:      layout_basic, cheibrodos_ashenzari_chains
D:7:      layout_layer_cave, mainiacjoe_overflow_alcove_3
D:8:      layout_basic
Temple:   minmay_temple_bridge_abc

Skill      XL: |  1  2  3  4  5  6  7  8  9 10 |
---------------+-------------------------------+-----
Fighting       | 1 2 3 4 5 6 |  6.1
Armour         | 1 2 3 4 5 6 |  6.2
Dodging        | 3 4 5 6 7 |  7.3
Spellcasting   | 3 4 5 |  5.4
Invocations    | 1 3 4 5 |  5.2
Stealth        | |  1.5

Action                   |  1- 3 |  4- 6 |  7- 9 | 10-12 || total
-------------------------+-------+-------+-------+-------++-------
Melee: Spear             |       |       |     1 |       ||     1
 Cast: Foxfire           |    77 |   151 |   287 |    61 ||   576
       Scorch            |     2 |       |    12 |    21 ||    35
  Use: Scroll            |     3 |     1 |     8 |       ||    12
Armor: Steam dragon scal |       |     1 |    12 |     8 ||    21
Dodge: Dodged            |     5 |     7 |    20 |    15 ||    47
Block: Other             |       |       |       |     2 ||     2
